 Dungeon Crawl Stone Soup version 0.30.0-29-ga12c61a403 (webtiles) character file.

Game seed: 12832739160631743129

72 qw the Chopper (level 4, 0/28 HPs)
             Began as a Gargoyle Fighter on June 5, 2023.
             Killed by divine providence
             ... invoked by an orc priest
              (11 damage)
             ... on level 3 of the Dungeon.
             The game lasted 00:00:51 (1475 turns).

qw the Chopper (Gargoyle Fighter)                   Turns: 1475, Time: 00:00:51

Health: 0/28       AC: 10    Str: 22    XL:     4   Next: 25%
Magic:  4/4        EV:  9    Int:  8    God:
Gold:   141        SH:  4    Dex:  9    Spells: 3/3 levels left

rFire   . . .        Y - +0 war axe
rCold   . . .        c - +0 buckler
rNeg    + . .        b - +0 scale mail
rPois   inf          (no helmet)
rElec   +            (no cloak)
rCorr   .            (no gloves)
SInv    .            (no boots)
Will    .....        (no amulet) Stlth
                     (no ring)
HPRegen 0.24/turn    (no ring)
MPRegen 0.09/turn

%: no passive effects
@: no status effects
A: sickness immunity, AC +3, negative energy resistance 1, electricity
resistance, torment resistance 1, petrification resistance
a: no special abilities


You were on level 3 of the Dungeon.
You visited 1 branch of the dungeon, and saw 3 of its levels.

You collected 141 gold pieces.


Innate Abilities, Weirdness & Mutations

You are immune to sickness and miasma.
Your stone body is resilient. (AC +3)
You are immune to poison.
You resist negative energy. (rN+)
You are resistant to electric shocks. (rElec)
You are resistant to unholy torment.
You are immune to petrification.


   Skills:
 - Level 3.2 Fighting
 + Level 4.0 Axes
 - Level 3.2 Armour
 - Level 3.2 Shields


You had 3 spell levels left.
You didn't know any spells.
Your spell library was empty.

Inventory:

Hand Weapons
 e - a +0 club
 Y - a +0 war axe (weapon)
Armour
 b - a +0 scale mail (worn)
 c - a +0 buckler (worn)
Scrolls
 a - a scroll of identify
 j - a scroll of amnesia {unknown}
 l - a scroll of teleportation {unknown}
Potions
 d - 2 potions of might
 f - a potion of mutation {unknown}
 g - a potion of haste {unknown}
 h - 2 potions of resistance {unknown}
 i - a potion of heal wounds {unknown}
 k - a potion of flight {unknown}

Dungeon Overview and Level Annotations

Branches:
Dungeon (3/15)

Altars:

Shops:
D:1 !   D:3 =


Message History

An orc priest comes into view. It is wielding a +0 whip.
The orc hits you but does no damage.
The orc priest shouts!
You slash the orc!
You kill the orc!
You closely miss the orc. The orc barely misses you.
You barely miss the orc.
The orc shouts!
You block the orc's attack.
An orc priest comes into view. It is wielding a +0 short sword.
You closely miss the orc. The orc hits you but does no damage.
You barely miss the orc priest. You hit the orc.
The orc hits you with a +2 falchion of holy wrath.
The orc priest hits you but does no damage.
You barely miss the orc.
The orc is severely wounded.
You barely miss the orc priest.
The orc hits you with a +2 falchion of holy wrath.
You block the orc priest's attack. You block the orc's attack.
You closely miss the orc.
The orc is heavily wounded.
You completely miss the orc.
The orc priest casts a cantrip, but nothing happens.
The orc hits you with a +2 falchion of holy wrath.
The orc hits you but does no damage.
You hit the orc.
The orc is severely wounded.
You hit the orc.
The orc hits you with a +2 falchion of holy wrath.
The orc hits you with a +0 dagger.
You slash the orc!
You kill the orc!
You hit the orc.
You kill the orc!
The orc priest looks braver for a moment.
The orc priest invokes the aid of Beogh against you.
Beogh smites you!
You die...

#### ####..
....#####.#
#.)oo..[..
#.@# #.## #.#
#.# #.# #.#
#.#
###########.#
#...........#


You could see 2 orc priests.

Vanquished Creatures
  2 adders (D:2)
  A worm (D:2)
  A dart slug (D:1)
  3 orcs (D:3)
  3 ball pythons
  5 bats
  4 endoplasms
  3 giant cockroaches
  6 goblins
  2 hobgoblins (D:3)
  4 jackals (D:2)
  3 kobolds
  2 quokkas
  2 frilled lizards
  A rat (D:1)
42 creatures vanquished.

Notes
Turn   | Place    | Note
-------+----------+-------------------------------------------
     0 | D:1      | qw the Gargoyle Fighter began the quest for the Orb.
     0 | D:1      | Reached XP level 1. HP: 14/14 MP: 1/1
     0 | D:1      | 0 ||| qw: Version: 0.2-a-108-gee2c290
     0 | D:1      | 0 ||| qw: Game counter: 1477
     0 | D:1      | 0 ||| qw: Always use a shield: true
     0 | D:1      | 0 ||| qw: God list: Okawaru
     0 | D:1      | 0 ||| qw: Allow faded altars: false
     0 | D:1      | 0 ||| qw: Do Orc after D:15 true
     0 | D:1      | 0 ||| qw: Do second Lair branch before Depths: true
     0 | D:1      | 0 ||| qw: Lair rune preference: random
     0 | D:1      | 0 ||| qw: Plans: Normal, Zot:1-4, Slime:5, God:TSO, Crypt,
                  | Tomb, Abyss, Pan, Hells, Win
     0 | D:1      | 0 ||| PLANNING D:1-11
    24 | D:1      | Found Dapunoc's Distillery.
    32 | D:1      | 32 ||| SHOPLISTING 2 potions of might (80 gold, have 0).
    32 | D:1      | 32 ||| SHOPLISTING potion of curing (30 gold, have 0).
    32 | D:1      | 32 ||| SHOPLISTING potion of haste (100 gold, have 0).
    32 | D:1      | 32 ||| SHOPLISTING potion of heal wounds (50 gold, have 0).
    32 | D:1      | 32 ||| SHOPLISTING potion of lignification (30 gold, have
                  | 0).
    32 | D:1      | 32 ||| SHOPLISTING potion of mutation (80 gold, have 0).
    42 | D:1      | Reached skill level 2 in Axes
    97 | D:1      | Reached XP level 2. HP: 19/19 MP: 2/2
   434 | D:1      | 434 ||| READING 2 scrolls labelled YTWOOS TURAG.
   435 | D:1      | 435 ||| READING scroll labelled BACESM SUGE.
   436 | D:1      | 436 ||| DROPPING scroll of blinking.
   501 | D:2      | Reached skill level 3 in Axes
   507 | D:2      | Reached XP level 3. HP: 23/23 MP: 3/3
   716 | D:2      | 716 ||| Stepping ~*~*~tactically~*~*~ (stealth).
  1127 | D:2      | 1127 ||| READING 2 scrolls labelled HEAR YFYETEWN.
  1128 | D:2      | 1128 ||| READING 3 scrolls labelled ACSYBYZEKA.
  1129 | D:2      | 1129 ||| DRINKING 2 brown potions.
  1130 | D:2      | 1130 ||| DROPPING potion of brilliance.
  1131 | D:2      | 1131 ||| DROPPING 2 scrolls of magic mapping.
  1143 | D:3      | Found Omacoq's Jewellery Emporium.
  1146 | D:3      | 1146 ||| Stepping ~*~*~tactically~*~*~ (stealth).
  1156 | D:3      | Reached XP level 4. HP: 28/28 MP: 4/4
  1161 | D:3      | 1161 ||| SHOPLISTING +4 ring of protection (396 gold, have
                  | 116).
  1161 | D:3      | 1161 ||| SHOPLISTING +5 ring of evasion (396 gold, have
                  | 116).
  1161 | D:3      | 1161 ||| SHOPLISTING amulet of the acrobat (330 gold, have
                  | 116).
  1161 | D:3      | 1161 ||| SHOPLISTING ring of protection from fire (275
                  | gold, have 116).
  1161 | D:3      | 1161 ||| SHOPLISTING ring of willpower (275 gold, have
                  | 116).
  1261 | D:3      | 1261 ||| Stepping ~*~*~tactically~*~*~ (stealth).
  1317 | D:3      | 1317 ||| Stepping ~*~*~tactically~*~*~ (hiding).
  1455 | D:3      | Reached skill level 4 in Axes
  1455 | D:3      | 1455 ||| Stepping ~*~*~tactically~*~*~ (stealth).
  1462 | D:3      | 1462 ||| Stepping ~*~*~tactically~*~*~ (stealth).
  1475 | D:3      | Killed from afar by an orc priest

Levels and vault maps discovered:
D:1:      wander_arrival_chamber, layout_rooms, serial_shops, shop
D:2:      layout_loops_ring
D:3:      layout_loops_ring, serial_shops, shop, glass_columns_b,
          minmay_misc_feat_iff, uniq_robin

Skill      XL: |  1  2  3  4 |
---------------+-------------+-----
Axes           | 2 3 4 |  4.0
Fighting       | |  3.2
Armour         | |  3.2
Shields        | |  3.2

Action                     |  1- 3 |  4- 6 || total
---------------------------+-------+-------++-------
  Melee: War axe           |    99 |    37 ||   136
    Use: Scroll            |     4 |       ||     4
         Potion            |     1 |       ||     1
 Armour: Scale mail        |    52 |    13 ||    65
  Dodge: Dodged            |    53 |    14 ||    67
  Block: Buckler           |    20 |     8 ||    28

Table legend:
 A = Non-vault XP
 B = Vault XP
 C = Vault XP percentage of total XP
 D = Non-vault monster count
 E = Vault monster count
 F = Vault count percentage of total count
                 A         B        C        D         E       F
            +---------+---------+-------+---------+---------+-------
      Total |     109 |       0 |   0.0 |      42 |       0 |   0.0
            +---------+---------+-------+---------+---------+-------
        D:1 |      20 |       0 |   0.0 |      10 |       0 |   0.0
        D:2 |      59 |       0 |   0.0 |      18 |       0 |   0.0
        D:3 |      30 |       0 |   0.0 |      14 |       0 |   0.0
            +---------+---------+-------+---------+---------+-------
